 Dungeon Crawl Stone Soup version 0.29.0 (webtiles) character file.

Game seed: 4031035366560752302

13 zenocrate the Chiller (level 2, -3/16 HPs)
             Began as a Kobold Wanderer on Aug 25, 2022.
             Slain by a kobold
             ... wielding a +0 whip
              (4 damage)
             ... on level 1 of the Dungeon.
             The game lasted 00:00:35 (212 turns).

zenocrate the Chiller (Kobold Wanderer)              Turns: 212, Time: 00:00:35

Health: -3/16      AC:  2    Str:  6    XL:     2   Next: 50%
Magic:  3/3        EV: 13    Int: 14    God:
Gold:   0          SH:  0    Dex: 16    Spells: 2/3 levels left

rFire   . . .      SeeInvis .   a - +0 dagger
rCold   . . .      Faith    .   (no shield)
rNeg    . . .      Spirit   .   d - +0 robe
rPois   .          Reflect  .   (no helmet)
rElec   .          Harm     .   (no cloak)
rCorr   .          Rampage  .   (no gloves)
Will    .....                   (no boots)
Stlth   +++.......              (no amulet)
HPRegen 0.05/turn               (no ring)
MPRegen 0.08/turn               (no ring)

@: no status effects
A: small, no large weapons, nightstalker 3
a: no special abilities


You were on level 1 of the Dungeon.
You visited 1 branch of the dungeon, and saw 1 of its levels.

Inventory:

Hand Weapons
 a - a +0 dagger (weapon)
Missiles
 b - 9 poisoned darts (quivered)
Armour
 d - a +0 robe (worn)
Scrolls
 c - 2 scrolls of butterflies
 h - a scroll of immolation {unknown}
Potions
 e - a potion of heal wounds {unknown}
 f - a potion of mutation {unknown}
 g - a potion of lignification {unknown}
 i - a potion of invisibility {unknown}


   Skills:
 - Level 1.1 Fighting
 + Level 2.7 Short Blades
 - Level 2.1 Throwing
 - Level 1.0 Armour
 - Level 1.3 Stealth
 - Level 1.1 Spellcasting
 - Level 3.0 Ice Magic
 - Level 1.0 Invocations


You had 2 spell levels left.
You knew the following spells:

 Your Spells              Type           Power      Damage    Failure   Level
a - Freeze                Ice            36%        1d6       8%          1

Your spell library contained the following spells:

 Spells                   Type           Power      Damage    Failure   Level
 Blink                    Tloc           0%         N/A       36%         2
 Frozen Ramparts          Ice            18%        1d3       22%         3
 Lesser Beckoning         Tloc           0%         N/A       61%         3
 Summon Ice Beast         Ice/Summ       4%         N/A       80%         4
 Manifold Assault         Tloc           0%         N/A       100%        5


Dungeon Overview and Level Annotations

Branches:
Dungeon (1/15)

Altars:


Innate Abilities, Weirdness & Mutations

You are small and have problems with some larger weapons.
You are completely attuned to the shadows.


Message History

You kill the goblin!
The goblin hits you with a +0 club. The goblin attacks as you move away!
The goblin closely misses you.
You closely miss the goblin. The goblin hits you but does no damage.
You miss the goblin.
A kobold comes into view. It is wielding a +0 whip.
The goblin hits you with a +0 club. The goblin hits you with a +0 dagger.
You completely miss the goblin. The goblin closely misses you.
The goblin hits you with a +0 dagger. The goblin closely misses you.
The kobold shouts!
You hit the goblin.
You kill the goblin!
The goblin barely misses you.
Unknown command.
You hit the goblin.
The goblin is moderately wounded.
The kobold throws a stone.
The stone barely misses you. The goblin hits you but does no damage.
You barely miss the goblin.
The goblin is moderately wounded.
The kobold throws a stone.
The stone hits you but does no damage. The goblin hits you but does no damage.
You miss the goblin.
The goblin is moderately wounded.
The goblin hits you with a +0 dagger.
You hit the goblin.
You kill the goblin!
The kobold closely misses you.
You hit the kobold but do no damage. The kobold closely misses you.
You hit the kobold but do no damage. The kobold hits you with a +0 whip.
* * * LOW HITPOINT WARNING * * *
You barely miss the kobold. The kobold barely misses you.
You hit the kobold.
The kobold is moderately wounded.
The kobold closely misses you.
You barely miss the kobold.
The kobold is moderately wounded.
The kobold hits you with a +0 whip.
You die...

#####
...#..........
.#.#..........
..............
......########
..............#
P............#
#............#
#).K........##
#)#@.........#
#)...........#
#............#
#..#.........#
#.............#
P...##........#
..###.........#
#.........#
#.........#


You could see a kobold.

Vanquished Creatures
  2 dart slugs (D:1)
  An endoplasm (D:1)
  4 goblins (D:1)
  A frilled lizard (D:1)
8 creatures vanquished.

Notes
Turn   | Place    | Note
-------+----------+-------------------------------------------
     0 | D:1      | zenocrate the Kobold Wanderer began the quest for the Orb.
     0 | D:1      | zenocrate set off with the following items: a +0 dagger, 9
                  | poisoned darts, 2 scrolls of butterflies, a +0 robe; and
                  | the following spell memorised: Freeze; and the following
                  | spells available to memorise: Frozen Ramparts, Summon Ice
                  | Beast.
     0 | D:1      | Reached XP level 1. HP: 12/12 MP: 2/2
    29 | D:1      | Reached skill level 1 in Short Blades
   134 | D:1      | Reached XP level 2. HP: 13/16 MP: 3/3
   212 | D:1      | Slain by a kobold

Illustrated notes

Levels and vault maps discovered:
D:1:      saegor_arrival_simple_c, layout_rooms,
          shapermc_ecumenical_altar_rom_forum, st_stairs_10

Skill      XL: |  1 |
---------------+----+-----
Short Blades   | 2 |  2.7
Fighting       | |  1.1
Throwing       | |  2.1
Armour         | |  1.0
Stealth        | |  1.3
Spellcasting   | |  1.1
Ice Magic      | |  3.0
Invocations    | |  1.0

Action                   || total
-------------------------++-------
Melee: Dagger            ||    28
 Stab: Sleeping          ||     3
Armor: Robe              ||     5
Dodge: Dodged            ||    14
